 Dungeon Crawl Stone Soup version 0.28.0 (webtiles) character file.

Game seed: 8373265755155964362

3266 willcat the Magician (level 9, 0/48 HPs)
             Began as a Deep Elf Ice Elementalist on Feb 9, 2022.
             Was a High Priest of Dithmenos.
             Slain by a blink frog (12 damage)
             ... in a bailey.
             The game lasted 00:18:01 (9606 turns).

willcat the Magician (Deep Elf Ice Elementalist)    Turns: 9606, Time: 00:18:02

Health: 0/48       AC: 12    Str:  5    XL:     9   Next: 68%
Magic:  0/22       EV: 14    Int: 25    God:    Dithmenos [*****.]
Gold:   312        SH:  0    Dex: 15    Spells: 12/23 levels left

rFire   . . .      SeeInvis .   b - staff of cold
rCold   + . .      Faith    .   (no shield)
rNeg    + . .      Spirit   +   z - +1 leather armour {Will+}
rPois   .          Reflect  .   (no helmet)
rElec   .          Harm     .   (no cloak)
rCorr   .          Rampage  .   (no gloves)
Will    +....                   (no boots)
Stlth   +++++.....              k - amulet of guardian spirit
HPRegen 0.16/turn               r - ring of positive energy
MPRegen 0.18/turn               (no ring)

@: ice-armoured, freezing walls, very slightly contaminated, wreathed by umbra
A: no striking features
a: Renounce Religion, Shadow Step, Shadow Form


You were in a bailey.
You worshipped Dithmenos.
Dithmenos was extremely pleased with you.
You visited 1 branch of the dungeon, and saw 8 of its levels.
You also visited: Sewer and Bailey.

You collected 312 gold pieces.

Inventory:

Armour
 q - a +0 robe
 z - a +1 leather armour of willpower (worn)
Magical Staves
 a - a staff of earth
 b - a staff of cold (weapon)
Jewellery
 d - an amulet of magic regeneration
 k - an amulet of guardian spirit (around neck)
 r - a ring of positive energy (left hand)
Scrolls
 c - a scroll of magic mapping {unknown}
 e - 2 scrolls of vulnerability {unknown}
 m - 2 scrolls of identify {unknown}
 n - a scroll of brand weapon {unknown}
 p - 2 scrolls of noise {unknown}
 v - a scroll of blinking
 x - 2 scrolls of fog {unknown}
 A - 2 scrolls of enchant armour {unknown}
Potions
 f - 2 potions of haste
 g - a potion of resistance {unknown}
 h - a potion of mutation {unknown}
 i - 2 potions of heal wounds {unknown}
 j - 3 potions of cancellation
 l - a potion of invisibility {unknown}
 o - a potion of attraction {unknown}
 t - a potion of brilliance
 u - 2 potions of flight {unknown}
 w - 2 potions of curing
 B - a potion of degeneration {unknown}
Miscellaneous
 s - a condenser vane (inert)


   Skills:
 + Level 2.2 Fighting
 + Level 3.3 Staves
 + Level 6.7 Dodging
 + Level 7.6 Stealth
 + Level 7.9 Spellcasting
 + Level 4.5 Conjurations
 + Level 7.5 Ice Magic
 + Level 3.2 Earth Magic
 + Level 4.0 Invocations


You had 12 spell levels left.
You knew the following spells:

 Your Spells              Type           Power      Damage    Failure   Level
a - Freeze                Ice            100%       1d11      1%          1
b - Frozen Ramparts       Ice            100%       1d12      1%          3
c - Ozocubu's Armour      Ice            63%        N/A       1%          3
d - Hailstorm             Conj/Ice       56%        3d12      9%          4

Your spell library contained the following spells:

 Spells                   Type           Power      Damage    Failure   Level
 Beastly Appendage        Tmut           18%        N/A       11%         1
 Wereblood                Tmut           9%         N/A       16%         2
 Spider Form              Tmut/Pois      9%         N/A       30%         3


Dungeon Overview and Level Annotations

Branches:
Dungeon (8/15)             Temple (0/1) D:4           Sewer (visited)
 Bailey (1/1)
   Lair: D:8-11

Altars:
Dithmenos
Okawaru
Uskayaw
Wu Jian

Shops:
D:2 !


Message History

This square is wreathed by an umbra.
You feel a surge of power!
The walls around you are covered in ice.
The wall freezes the vault guard!
The wall freezes the blink frog.
The blink frog hits you.
Unknown command.
Okay, then.
Casting: Frozen Ramparts (safe; 1% risk of failure)
Confirm with . or Enter, or press ? or * to list all spells.
You feel a surge of power! A film of ice covers your body!
The wall freezes the blink frog.
The blink frog seems to slow down.
The blink frog blinks!
The wall freezes the vault guard!
Unknown command.
Unknown command.
You hit the vault guard but do no damage.
The vault guard is moderately wounded.
The wall freezes the vault guard.
The vault guard hits you with a +0 broad axe!!
Unknown command.
Unknown command.
You closely miss the vault guard.
The vault guard is moderately wounded.
The wall freezes the blink frog!
The blink frog seems to slow down.
The wall freezes the vault guard!
The vault guard misses you.
Unknown command.
Unknown command.
Okay, then.
Okay, then.
Unknown command.
The wall freezes the vault guard.
The vault guard hits you with a +0 broad axe!
The wall freezes the blink frog.
The blink frog seems to slow down.
Unknown command.
Unknown command.
The wall freezes the vault guard.
The vault guard hits you with a +0 broad axe!
* * * LOW HITPOINT WARNING * * *
The wall freezes the blink frog.
The blink frog seems to slow down.
The blink frog hits you!
You die...

#≈≈...≈≈≈≈
#≈≈..≈≈≈
#≈≈.≈≈≈
##≈≈.≈#
#≈≈..≈####
#≈≈).≈#..+
###)###..##
#.Fp..#...#
#..@..#...#
#..####.).#
#....#..))#
##...)..#'#+#
##....##...##
######.....#
#.∩.∩.#
#.....#
##...##


You could see a vault guard and a blink frog (slow).

Vanquished Creatures
  Pikel (D:5)
  Prince Ribbit (D:5)
  3 humans (Bailey)
  Eustachio (D:4)
  A steam dragon (D:6)
  A black bear (D:5)
  2 ogres
  2 phantoms (D:4)
  10 bullfrogs
  A water moccasin skeleton (D:6)
  3 bullfrog skeletons (D:5)
  A jelly (D:6)
  3 hounds
  A gnoll shaman (D:5)
  Ijyb (D:4)
  4 iguanas
  3 orc wizards
  A killer bee zombie (D:5)
  A hound zombie (D:5)
  12 gnolls
  10 adders
  A white imp (D:6)
  2 ufetubi (D:5)
  An adder skeleton (D:4)
  4 worms
  9 orcs
  12 ball pythons
  18 endoplasms
  20 giant cockroaches
  11 goblins
  6 hobgoblins
  2 jackals (D:1)
  11 quokkas
  2 bats (D:2)
  12 frilled lizards
  6 kobolds
  4 rats
184 creatures vanquished.

Notes
Turn   | Place    | Note
-------+----------+-------------------------------------------
     0 | D:1      | willcat the Deep Elf Ice Elementalist began the quest for
                  | the Orb.
     0 | D:1      | Reached XP level 1. HP: 10/10 MP: 6/6
   371 | D:1      | Found a faded altar of an unknown god.
   383 | D:1      | Reached XP level 2. HP: 12/15 MP: 4/8
   447 | D:1      | Prayed at the altar of an unknown god.
   447 | D:1      | Became a worshipper of Dithmenos the Shadowed
   447 | D:1      | Reached * piety under Dithmenos
  1344 | D:2      | Reached XP level 3. HP: 19/19 MP: 7/10
  1344 | D:2      | Found Ipeebopp's Distillery.
  1354 | D:2      | Learned a level 3 spell: Frozen Ramparts
  1358 | D:2      | Learned a level 3 spell: Ozocubu's Armour
  1473 | D:2      | Found an iron altar of Okawaru.
  1903 | D:2      | Reached ** piety under Dithmenos
  2313 | D:3      | Reached skill level 5 in Ice Magic
  2313 | D:3      | Reached XP level 4. HP: 21/24 MP: 6/12
  2931 | D:3      | Found a hide-covered altar of Uskayaw.
  2931 | D:3      | Found an ornate altar of the Wu Jian Council.
  3093 | D:4      | Noticed Ijyb
  3095 | D:4      | Noticed a phantom
  3168 | D:4      | Found a staircase to the Ecumenical Temple.
  3173 | D:4      | Reached XP level 5. HP: 6/28 MP: 0/13
  3196 | D:4      | Noticed a phantom
  3241 | D:4      | Noticed an ogre
  3336 | D:4      | Found a glowing drain.
  3350 | Sewer    | Entered a sewer
  3558 | Sewer    | Reached *** piety under Dithmenos
  3955 | Sewer    | Reached **** piety under Dithmenos
  4148 | Sewer    | Reached skill level 5 in Spellcasting
  4148 | Sewer    | Reached XP level 6. HP: 9/32 MP: 0/15
  4150 | Sewer    | Reached skill level 5 in Stealth
  4663 | D:4      | Noticed Eustachio
  4750 | D:5      | Entered Level 5 of the Dungeon
  4770 | D:5      | Learned a level 4 spell: Hailstorm
  5151 | D:6      | Reached skill level 1 in Conjurations
  5156 | D:6      | Noticed a steam dragon
  5164 | D:6      | Noticed an orc warrior
  5272 | D:5      | Noticed Prince Ribbit
  5273 | D:5      | Reached XP level 7. HP: 32/36 MP: 9/17
  5448 | D:5      | Killed Prince Ribbit
  5449 | D:5      | Reached skill level 5 in Dodging
  5449 | D:5      | Reached skill level 1 in Earth Magic
  5449 | D:5      | Reached skill level 1 in Invocations
  5854 | D:5      | Reached XP level 8. HP: 9/41 MP: 2/19
  6415 | D:5      | Reached skill level 1 in Staves
  6853 | D:4      | Killed Ijyb
  7192 | D:4      | Killed Eustachio
  8133 | D:6      | Noticed Pikel
  8212 | D:5      | Killed Pikel
  8213 | D:5      | Reached skill level 1 in Fighting
  8213 | D:5      | Reached XP level 9. HP: 14/47 MP: 2/21
  9009 | D:6      | Identified the +1 leather armour of the Kraken {+Inv}
  9313 | D:8      | Found a flagged portal.
  9336 | Bailey   | Entered a bailey
  9585 | Bailey   | Reached ***** piety under Dithmenos
  9593 | Bailey   | Noticed a vault guard
  9606 | Bailey   | Slain by a blink frog

Illustrated notes

Levels and vault maps discovered:
D:1:      roderic_octagonal_star, layout_basic,
          hellmonk_ecumenical_altar_pennies_from_heaven,
          minmay_misc_feat_secret_circle
D:2:      layout_basic, serial_shops, nicolae_shop_crystal, basic_altar,
          patterned_corridor
D:3:      layout_rooms, gammafunk_temple_overflow_elements,
          chequers_serial_rivers_micro_b, kennysheep_generic_room_10
D:4:      layout_cave_pools, minmay_temple_entry_antechambers,
          portal_sewer_entry_f, mrwooster_statue_mirror, uniq_eustachio,
          uniq_ijyb
D:5:      layout_cave_pods, uniq_prince_ribbit1
D:6:      cheibrodos_fzero, layout_rooms, nicolae_gozag_seed_capital,
          nicolae_concentric_dashed_squares_wild, moated_statue, uniq_pikel,
          uniq_sigmund
D:7:      layout_rooms, serial_aquarium, aquarium_bridge_island_small
          [aquarium_subvault_small_open, aquarium_subvault_wall,
          aquarium_subvault_bridge, aquarium_subvault_window,
          aquarium_subvault_wall], aquarium_bridge_straight
          [aquarium_subvault_bridge, aquarium_subvault_balcony,
          aquarium_subvault_bridge, aquarium_subvault_balcony],
          aquarium_window_2, aquarium_window_2, aquarium_window_fake,
          aquarium_view_2a, aquarium_pool_2
D:8:      layout_loops_ring, erik_lair_dragon, enter_bailey_5
Bailey:   bailey_axe_froggy_fort_hellmonk, bailey

Skill      XL: |  1  2  3  4  5  6  7  8  9 |
---------------+----------------------------+-----
Stealth        | 3 4 5 6 7 |  7.6
Spellcasting   | 4 5 6 7 |  7.9
Ice Magic      | 5 6 7 |  7.5
Dodging        | 3 4 5 6 |  6.7
Conjurations   | 1 2 3 4 |  4.5
Earth Magic    | 1 2 3 |  3.2
Invocations    | 1 3 4 |  4.0
Staves         | 2 3 |  3.3
Fighting       | 1 2 |  2.2

Action                   |  1- 3 |  4- 6 |  7- 9 || total
-------------------------+-------+-------+-------++-------
Melee: Unarmed           |    11 |       |       ||    11
       Staff             |       |    43 |   288 ||   331
       Punch             |       |     3 |     3 ||     6
 Cast: Freeze            |    48 |    33 |    22 ||   103
       Frozen Ramparts   |       |    28 |    21 ||    49
       Ozocubu's Armour  |       |    10 |    31 ||    41
       Hailstorm         |       |       |     1 ||     1
Evoke: Condenser vane    |       |     1 |     1 ||     2
       Wand              |       |       |     4 ||     4
  Use: Potion            |       |     3 |     3 ||     6
       Scroll            |       |     2 |     2 ||     4
 Stab: Sleeping          |     1 |     2 |     2 ||     5
Armor: Robe              |     3 |    48 |    43 ||    94
       Leather armour    |       |       |    88 ||    88
Dodge: Dodged            |    24 |   200 |   290 ||   514
